APL (24 & UNDER)
EL PASO TEXANS @ SCOTTSDALE SCORPIONS
06/07/2029
 
TOP OF THE 1ST
El Paso Texans batting - Pitching for Scottsdale Scorpions : LHP António Rodríguez
Pitching: LHP António Rodríguez
Batting: LHB Mark Spencer 0-0: Ball
1-0: Bunted foul
1-1: Ball
2-1: Called Strike
2-2: Ball
3-2: Base on Balls
Batting: RHB Cole Boehmer 0-0: Ball
1-0: Foul Ball, location: 2F
1-1: Foul Ball, location: 2F
1-2: Ball
2-2: Foul Ball, location: 2F
2-2: Strikes out swinging
Batting: SHB Richie Gallegos 0-0: Swinging Strike
0-1: Ball
1-1: Ball
2-1: Ball
3-1: Foul Ball, location: 2F
3-2: Foul Ball, location: 2F
3-2: Base on Balls
Mark Spencer to second
Batting: RHB José Murillo 0-0: Ball
1-0: Called Strike
Mark Spencer steals 3rd base
1-1: Fly out, F6 (Popup, 6MD)
Batting: LHB John Fitzgerald 0-0: Called Strike
0-1: Ball
1-1: Ball
2-1: Fly out, F9 (Flyball, 9LMF)
Top of the 1st over - 0 runs, 0 hits, 0 errors, 2 left on base; El Paso 0 - Scottsdale 0
BOTTOM OF THE 1ST
Scottsdale Scorpions batting - Pitching for El Paso Texans : RHP Mike Church
Pitching: RHP Mike Church
Batting: LHB Ernesto Hernández 0-0: SINGLE (Line Drive, 6MD)
Batting: LHB Justin Holland 0-0: Ball
1-0: Ball
2-0: Ball
3-0: Called Strike
3-1: Foul Ball, location: 2F
3-2: Strikes out swinging
Ernesto Hernández steals 2nd base
Batter strikes out.
Batting: LHB Pedro Díaz 0-0: Ball
1-0: Foul Ball, location: 2F
1-1: Ball
2-1: Called Strike
Ernesto Hernández steals 3rd base
2-2: Ball
3-2: Strikes out swinging
Batting: SHB Arnold Moore 0-0: Ball
1-0: Ball
2-0: Called Strike
2-1: Foul Ball, location: 2F
2-2: Ground out 4-3 (Groundball, 4)
Bottom of the 1st over - 0 runs, 1 hit, 0 errors, 1 left on base; El Paso 0 - Scottsdale 0
TOP OF THE 2ND
El Paso Texans batting - Pitching for Scottsdale Scorpions : LHP António Rodríguez
Batting: RHB Domingo Morales 0-0: DOUBLE (Flyball, 78XD)
Batting: SHB António Cervantes 0-0: Ball
1-0: Ball
2-0: Foul Ball, location: 2F
2-1: Ball
3-1: Foul Ball, location: 2F
3-2: Foul Ball, location: 2F
3-2: Foul Ball, location: 2F
3-2: Foul Ball, location: 2F
3-2: Strikes out swinging
Batting: LHB Dave Tucker 0-0: Foul Ball, location: 2F
0-1: Ball
1-1: Swinging Strike
1-2: Foul Ball, location: 2F
1-2: Ball
2-2: Ball
3-2: Ground out 4-3 (Groundball, 4)
Domingo Morales to third
Batting: SHB Miguel Hurtado 0-0: Called Strike
0-1: Ball
1-1: Foul Ball, location: 2F
1-2: Ball
2-2: Foul Ball, location: 2F
2-2: Ball
3-2: Strikes out swinging
Top of the 2nd over - 0 runs, 1 hit, 0 errors, 1 left on base; El Paso 0 - Scottsdale 0
BOTTOM OF THE 2ND
Scottsdale Scorpions batting - Pitching for El Paso Texans : RHP Mike Church
Batting: RHB Steve Boyer 0-0: Fly out, F7 (Flyball, 7LM)
Batting: LHB Tony Ayala 0-0: Foul Ball, location: 2F
0-1: Ball
1-1: Ball
2-1: Foul Ball, location: 2F
2-2: Foul Ball, location: 2F
2-2: Foul Ball, location: 2F
2-2: Ball
3-2: Fly out, F6 (Popup, 6)
Batting: RHB José Méndez 0-0: Swinging Strike
0-1: Ball
1-1: Reached on error, E5 (Line Drive, 5)
Batting: RHB Ronald Smith 0-0: Ball
1-0: Swinging Strike
1-1: Swinging Strike
1-2: Strikes out swinging
Bottom of the 2nd over - 0 runs, 0 hits, 1 error, 1 left on base; El Paso 0 - Scottsdale 0
TOP OF THE 3RD
El Paso Texans batting - Pitching for Scottsdale Scorpions : LHP António Rodríguez
Batting: LHB Mark Spencer 0-0: Ball
1-0: Ball
2-0: Called Strike
2-1: Foul Ball, location: 2F
2-2: Foul Ball, location: 2F
2-2: Foul Ball, location: 2F
2-2: Ball
3-2: SINGLE (Groundball, 56D)
Batting: RHB Cole Boehmer 0-0: Ball
1-0: Ball
2-0: Grounds into double play, 5-4-3 (Groundball, 56)
Batting: SHB Richie Gallegos 0-0: Called Strike
0-1: Ball
1-1: Foul Ball, location: 2F
1-2: Ball
2-2: Foul Ball, location: 2F
2-2: Foul Ball, location: 2F
2-2: Ground out 4-3 (Groundball, 4S)
Top of the 3rd over - 0 runs, 1 hit, 0 errors, 0 left on base; El Paso 0 - Scottsdale 0
BOTTOM OF THE 3RD
Scottsdale Scorpions batting - Pitching for El Paso Texans : RHP Mike Church
Batting: RHB Matt Dickson 0-0: Called Strike
0-1: Fly out, F6 (Flyball, 5D)
Batting: LHB Ernesto Hernández 0-0: Ball
1-0: Called Strike
1-1: Foul Ball, location: 2F
1-2: Foul Ball, location: 2F
1-2: Ball
2-2: Strikes out looking
Batting: LHB Justin Holland 0-0: Ball
1-0: Ball
2-0: Ball
3-0: Called Strike
3-1: Base on Balls
Batting: LHB Pedro Díaz 0-0: Swinging Strike
0-1: SINGLE (Flyball, 9S)
Justin Holland to second
Runner from 2nd tries for 3rd, SAFE, throw made to third
Batting: SHB Arnold Moore 0-0: Swinging Strike
0-1: Called Strike
0-2: Ground out U3 (Groundball, 3L)
Bottom of the 3rd over - 0 runs, 1 hit, 0 errors, 2 left on base; El Paso 0 - Scottsdale 0
TOP OF THE 4TH
El Paso Texans batting - Pitching for Scottsdale Scorpions : LHP António Rodríguez
Batting: RHB José Murillo 0-0: Called Strike
0-1: Ball
1-1: Foul Ball, location: 2F
1-2: Ball
2-2: Strikes out swinging
Batting: LHB John Fitzgerald 0-0: Ball
1-0: Called Strike
1-1: Ball
2-1: Called Strike
2-2: Ball
3-2: Fly out, F1 (Line Drive, 15)
Batting: RHB Domingo Morales 0-0: Foul Ball, location: 2F
0-1: Swinging Strike
0-2: Strikes out swinging
Top of the 4th over - 0 runs, 0 hits, 0 errors, 0 left on base; El Paso 0 - Scottsdale 0
BOTTOM OF THE 4TH
Scottsdale Scorpions batting - Pitching for El Paso Texans : RHP Mike Church
Batting: RHB Steve Boyer 0-0: Foul Ball, location: 2F
0-1: Swinging Strike
0-2: Ball
1-2: Ground out 3-1 (Groundball, 23)
Batting: LHB Tony Ayala 0-0: Ball
1-0: Called Strike
1-1: Called Strike
1-2: Ball
2-2: Ground out 5-3 (Groundball, 56S)
Batting: RHB José Méndez 0-0: Ball
1-0: Ball
2-0: Ball
3-0: Called Strike
3-1: Base on Balls
Batting: RHB Ronald Smith 0-0: DOUBLE (Line Drive, 89D)
José Méndez to third
Runner from 3rd tries for Home, SAFE, no throw
Batting: RHB Matt Dickson 0-0: Ball
1-0: Called Strike
1-1: SINGLE (Groundball, 56D)
Ronald Smith to third
Runner from 3rd tries for Home, throw and OUT!
Bottom of the 4th over - 1 run, 2 hits, 0 errors, 1 left on base; El Paso 0 - Scottsdale 1
TOP OF THE 5TH
El Paso Texans batting - Pitching for Scottsdale Scorpions : LHP António Rodríguez
Batting: SHB António Cervantes 0-0: Swinging Strike
0-1: Ball
1-1: Ball
2-1: Swinging Strike
2-2: Foul Ball, location: 2F
2-2: Strikes out swinging
Batting: LHB Dave Tucker 0-0: Foul Ball, location: 2F
0-1: Ball
1-1: Ball
2-1: SINGLE (Groundball, 4MD)
Batting: SHB Miguel Hurtado 0-0: Called Strike
0-1: Ball
1-1: Ball
2-1: SINGLE (Flyball, 7S)
Dave Tucker to second
Batting: LHB Mark Spencer 0-0: Foul Ball, location: 2F
0-1: Called Strike
0-2: Strikes out swinging
Batting: RHB Cole Boehmer 0-0: Called Strike
0-1: Ball
1-1: Foul Ball, location: 2F
1-2: Foul Ball, location: 2F
1-2: Ball
2-2: Ball
3-2: Base on Balls
Dave Tucker to third
Miguel Hurtado to second
Pitching: RHP José Alvarado
Batting: SHB Richie Gallegos 0-0: Foul Ball, location: 2F
0-1: Foul Ball, location: 2F
0-2: Strikes out looking
Top of the 5th over - 0 runs, 2 hits, 0 errors, 3 left on base; El Paso 0 - Scottsdale 1
BOTTOM OF THE 5TH
Scottsdale Scorpions batting - Pitching for El Paso Texans : RHP Mike Church
Batting: LHB Ernesto Hernández 0-0: Ball
1-0: Ground out U3 (Groundball, 3)
Batting: LHB Justin Holland 0-0: Ball
1-0: Called Strike
1-1: Ball
2-1: Foul Ball, location: 2F
2-2: Strikes out swinging
Batting: LHB Pedro Díaz 0-0: Foul Ball, location: 2F
0-1: Ball
1-1: Swinging Strike
1-2: Hit by Pitch
Batting: SHB Arnold Moore 0-0: Ball
Pedro Díaz is caught stealing 2nd base
Bottom of the 5th over - 0 runs, 0 hits, 0 errors, 0 left on base; El Paso 0 - Scottsdale 1
TOP OF THE 6TH
El Paso Texans batting - Pitching for Scottsdale Scorpions : RHP José Alvarado
Batting: RHB José Murillo 0-0: Called Strike
0-1: Foul Ball, location: 2F
0-2: Foul Ball, location: 2F
0-2: Ball
1-2: Foul Ball, location: 2F
1-2: Ground out 6-3 (Groundball, 6)
Batting: LHB John Fitzgerald 0-0: Ball
1-0: Called Strike
1-1: Ball
2-1: Swinging Strike
2-2: Ball
3-2: Strikes out swinging
Batting: RHB Domingo Morales 0-0: Swinging Strike
0-1: Called Strike
0-2: Strikes out swinging
Top of the 6th over - 0 runs, 0 hits, 0 errors, 0 left on base; El Paso 0 - Scottsdale 1
BOTTOM OF THE 6TH
Scottsdale Scorpions batting - Pitching for El Paso Texans : RHP Mike Church
Batting: SHB Arnold Moore 0-0: Ball
1-0: Ball
2-0: Ground out 5-3 (Groundball, 56)
Batting: RHB Steve Boyer 0-0: Ball
1-0: Called Strike
1-1: Ball
2-1: SINGLE (Line Drive, 4D)
Batting: LHB Tony Ayala 0-0: Foul Ball, location: 2F
0-1: Ball
1-1: Foul Ball, location: 2F
1-2: Foul Ball, location: 2F
1-2: Fly out, F5 (Popup, 15S)
Batting: RHB José Méndez 0-0: Fly out, F7 (Flyball, 7LS)
Bottom of the 6th over - 0 runs, 1 hit, 0 errors, 1 left on base; El Paso 0 - Scottsdale 1
TOP OF THE 7TH
El Paso Texans batting - Pitching for Scottsdale Scorpions : RHP José Alvarado
Batting: SHB António Cervantes 0-0: Ball
1-0: Ball
2-0: Swinging Strike
2-1: Ball
3-1: Base on Balls
Batting: LHB Dave Tucker 0-0: Ball
1-0: Foul Ball, location: 2F
1-1: Ball
2-1: SINGLE (Groundball, 56D)
António Cervantes to second
Batting: SHB Miguel Hurtado 0-0: Ball
1-0: Called Strike
1-1: Called Strike
1-2: Foul Ball, location: 2F
1-2: Ball
2-2: Reached on error, E1 (Groundball, P)
António Cervantes to third
Dave Tucker to second
Pinch Hitting: SHB Oliver Riley 0-0: SINGLE (Flyball, 78S)
António Cervantes scores
Dave Tucker to third
Miguel Hurtado to second
Batting: RHB Cole Boehmer 0-0: Ball
1-0: Ball
2-0: Called Strike
2-1: Foul Ball, location: 2F
2-2: Ball
3-2: Strikes out swinging
Batting: SHB Richie Gallegos 0-0: Foul Ball, location: 2F
0-1: Ball
1-1: Swinging Strike
1-2: Strikes out swinging
Batting: RHB José Murillo 0-0: Ball
1-0: SINGLE (Groundball, 56D)
Dave Tucker scores
Miguel Hurtado to third
Oliver Riley to second
Pitching: RHP Jorge Chávez
Batting: LHB John Fitzgerald 0-0: Ball
1-0: Called Strike
1-1: Foul Ball, location: 2F
1-2: Ball
2-2: SINGLE (Groundball, 6S) (infield hit)
Miguel Hurtado scores
Oliver Riley to third
José Murillo to second
Pinch Hitting: LHB Ramón Chávez 0-0: Ball
1-0: Fly out, F9 (Flyball, 89XD)
Top of the 7th over - 3 runs, 4 hits, 1 error, 3 left on base; El Paso 3 - Scottsdale 1
BOTTOM OF THE 7TH
Scottsdale Scorpions batting - Pitching for El Paso Texans : RHP Mike Church
Pitching: RHP Juan Villa
Now at 2B: Cipriano Rangel
Now in CF: Stephen Black
Batting: RHB Ronald Smith 0-0: Foul Ball, location: 2F
0-1: Ball
1-1: Foul Ball, location: 2F
1-2: Fly out, F8 (Line Drive, 8LD)
Batting: RHB Matt Dickson 0-0: Called Strike
0-1: Ball
1-1: Swinging Strike
1-2: Ball
2-2: Strikes out looking
Batting: LHB Ernesto Hernández 0-0: Swinging Strike
0-1: SINGLE (Line Drive, 78S)
Batting: LHB Justin Holland 0-0: Called Strike
0-1: Ball
1-1: Ball
2-1: Foul Ball, location: 2F
2-2: Hit by Pitch
Ernesto Hernández to second
Pinch Runner at 1st Edgardo Gonzáles:
Batting: LHB Pedro Díaz 0-0: Swinging Strike
0-1: Foul Ball, location: 2F
0-2: Ball
1-2: Strikes out looking
Bottom of the 7th over - 0 runs, 1 hit, 0 errors, 2 left on base; El Paso 3 - Scottsdale 1
TOP OF THE 8TH
El Paso Texans batting - Pitching for Scottsdale Scorpions : RHP Jorge Chávez
Now in LF: Edgardo Gonzáles
Batting: SHB António Cervantes 0-0: Called Strike
0-1: Swinging Strike
0-2: Ball
1-2: Foul Ball, location: 2F
1-2: Foul Ball, location: 2F
1-2: Strikes out looking
Batting: LHB Dave Tucker 0-0: Fly out, F8 (Flyball, 8RD)
Batting: SHB Miguel Hurtado 0-0: Ball
1-0: Foul Ball, location: 2F
1-1: Ball
2-1: DOUBLE (Groundball, 3L)
Batting: LHB Cipriano Rangel 0-0: Called Strike
0-1: Foul Ball, location: 2F
0-2: Ball
1-2: Ball
2-2: Ball
3-2: Strikes out swinging
Top of the 8th over - 0 runs, 1 hit, 0 errors, 1 left on base; El Paso 3 - Scottsdale 1
BOTTOM OF THE 8TH
Scottsdale Scorpions batting - Pitching for El Paso Texans : RHP Juan Villa
Batting: SHB Arnold Moore 0-0: Ball
1-0: Ball
2-0: Ball
3-0: Base on Balls
Batting: RHB Steve Boyer 0-0: Ball
1-0: Foul Ball, location: 2F
1-1: Foul Ball, location: 2F
1-2: Foul Ball, location: 2F
1-2: SINGLE (Line Drive, 9S)
Arnold Moore to second
Runner from 2nd tries for 3rd, SAFE, no throw
Pitching: RHP Mark Thompson
Batting: LHB Tony Ayala 0-0: Ball
1-0: Ball
2-0: Ball
3-0: Swinging Strike
3-1: Called Strike
3-2: Base on Balls
Steve Boyer to second
Batting: RHB José Méndez 0-0: Ball
1-0: Ball
2-0: Swinging Strike
2-1: Fly out, F8 (Flyball, 8LM)
Runner from 3rd tags up, SCORES, throw made
Pinch Hitting: LHB Clayton Bailey 0-0: Called Strike
0-1: Foul Ball, location: 2F
0-2: Ball
1-2: Strikes out swinging
Pinch Hitting: LHB Manny Vigil 0-0: Called Strike
0-1: Called Strike
0-2: Ball
1-2: Strikes out swinging
Bottom of the 8th over - 1 run, 1 hit, 0 errors, 2 left on base; El Paso 3 - Scottsdale 2
TOP OF THE 9TH
El Paso Texans batting - Pitching for Scottsdale Scorpions : RHP Jorge Chávez
Pitching: RHP José Estrada
Now at 1B: Manny Vigil
Now at SS: Robinson Fernández
Batting: RHB Cole Boehmer 0-0: Called Strike
0-1: Swinging Strike
0-2: Ball
1-2: Ball
2-2: Foul Ball, location: 2F
2-2: Ball
3-2: Strikes out swinging
Batting: SHB Richie Gallegos 0-0: Ball
1-0: Ground out 6-3 (Groundball, 6M)
Batting: RHB José Murillo 0-0: Ball
1-0: Called Strike
1-1: Ground out 4-3 (Groundball, 34)
Top of the 9th over - 0 runs, 0 hits, 0 errors, 0 left on base; El Paso 3 - Scottsdale 2
BOTTOM OF THE 9TH
Scottsdale Scorpions batting - Pitching for El Paso Texans : RHP Mark Thompson
Batting: LHB Ernesto Hernández 0-0: Foul Ball, location: 2F
0-1: Ball
1-1: Foul Ball, location: 2F
1-2: Ball
2-2: Foul Ball, location: 2F
2-2: Foul Ball, location: 2F
2-2: Strikes out swinging
Batting: RHB Edgardo Gonzáles 0-0: Ball
1-0: Ball
2-0: Fly out, F6 (Popup, 6)
Batting: LHB Pedro Díaz 0-0: Called Strike
0-1: Ball
1-1: Foul Ball, location: 2F
1-2: Ball
2-2: Foul Ball, location: 2F
2-2: Foul Ball, location: 2F
2-2: Strikes out looking
Bottom of the 9th over - 0 runs, 0 hits, 0 errors, 0 left on base; El Paso 3 - Scottsdale 2
Saturday, December 16th, 2017 - OOTP Baseball 18.8 Build 76